 Dungeon Crawl Stone Soup version 0.28-a0-1235-g7c8fac35f0 (webtiles) character file.

Game seed: 8406833542750658732

35608 r3xj the Bludgeoner (level 13, 0/127 HPs)
             Began as a Minotaur Fighter on Dec 24, 2021.
             Was the Champion of Okawaru.
             Engulfed by a blizzard demon's freezing vapour (2 damage)
             ... on level 3 of the Abyss on Dec 25, 2021.
             The game lasted 01:11:22 (14897 turns).

r3xj the Bludgeoner (Minotaur Fighter)             Turns: 14897, Time: 01:11:22

Health: 0/127      AC: 24    Str: 27    XL:     13   Next: 48%
Magic:  12/12      EV:  7    Int:  5    God:    Okawaru [******]
Gold:   486        SH: 12    Dex: 10    Spells: 12/12 levels left

rFire   . . .      SeeInvis +   n - +1 morningstar
rCold   . . .      Faith    +   g - +0 kite shield
rNeg    + + .      Spirit   .   S - +0 plate armour
rPois   +          Reflect  .   (helmet restricted)
rElec   +          Harm     .   V - +2 cloak {rPois}
rCorr   +          Rampage  +   H - +2 pair of gloves of the Hills {Rampage rN+}
Will    .....                   G - +2 pair of boots "Sises" {rElec rN+}
Stlth   ..........              y - amulet "Soff" {Faith rC- Regen+ rCorr Str+4}
HPRegen 1.11/turn               z - ring "Cobroraxt" {rPois rC+ Str-3 Slay+4}
MPRegen 0.13/turn               O - ring of see invisible

@: studying Air Magic
A: horns 2, retaliatory headbutt, passive freeze
a: Renounce Religion, Heroism, Finesse, Duel


You were on level 3 of the Abyss.
You worshipped Okawaru.
Okawaru was exalted by your worship.
You visited 2 branches of the dungeon, and saw 15 of its levels.
You visited the Abyss 1 time.
You also visited: Sewer, Bailey and Gauntlet.

You collected 796 gold pieces.
You spent 310 gold pieces at shops.

Inventory:

Hand Weapons
 e - a +2 quarterstaff of draining
 n - a +1 morningstar (weapon)
 T - the +9 staff of Olgreb {rPois∞}
   (You found it in a bailey)

   If the wielder is skilled in Evocations, they can envenom those struck by it,
   dealing poison damage which bypasses armour.
   It enhances your poison magic.
   It grants immunity to poison.
   It can be evoked to radiate toxic energy, with effectiveness depending on
   Evocations skill.
 X - a +4 broad axe of electrocution
Missiles
 Q - 45 poisoned darts (quivered)
Armour
 g - a +0 kite shield (worn)
 j - the -5 pair of gloves of the Desert {rF+ rC+ rN+ Stlth-}
   (You found it in a Gauntlet)

   rF:        It protects you from fire.
   rC:        It protects you from cold.
   rN:        It protects you from negative energy.
   Stlth:     It makes you less stealthy.
 q - a +0 pair of gloves of strength
 B - the +8 chain mail of Balaa {Dex+4}
   (You found it on level 2 of the Abyss)

   Dex:       It affects your dexterity (+4).
 G - the +2 pair of boots "Sises" (worn) {rElec rN+}
   (You found it in a Gauntlet)

   rElec:     It insulates you from electricity.
   rN:        It protects you from negative energy.
 H - the +2 pair of gloves of the Hills (worn) {Rampage rN+}
   (You acquired it on level 12 of the Dungeon)

   rN:        It protects you from negative energy.
   Rampage:   It bestows one free step when moving towards enemies.
 S - a +0 plate armour (worn)
 V - a +2 cloak of poison resistance (worn)
 Z - +1 ice dragon scales
Jewellery
 p - a ring of flight
 v - a ring of wizardry
 y - the amulet "Soff" (around neck) {Faith rC- Regen+ rCorr Str+4}
   (You bought it in a shop on level 2 of the Dungeon)

   [amulet of faith]

   It allows you to gain divine favour quickly.
   Str:       It affects your strength (+4).
   rC:        It makes you vulnerable to cold.
   Regen:     It increases your rate of health regeneration.
   rCorr:     It protects you from acid and corrosion.
 z - the ring "Cobroraxt" (left hand) {rPois rC+ Str-3 Slay+4}
   (You bought it in a shop on level 2 of the Dungeon)

   [ring of slaying]

   Str:       It affects your strength (-3).
   Slay:      It affects your accuracy & damage with ranged weapons and melee
   (+4).
   rC:        It protects you from cold.
   rPois:     It protects you from poison.
 E - a ring of poison resistance
 L - a ring of protection from cold
 O - a ring of see invisible (right hand)
 R - a ring of protection from cold
 U - an amulet of regeneration
Wands
 b - a wand of digging (7)
 c - a wand of iceblast (9)
 r - a wand of polymorph (10)
 C - a wand of acid (9)
 I - a wand of mindburst (28)
 K - a wand of flame (39)
Scrolls
 f - 3 scrolls of identify
 i - 3 scrolls of teleportation
 o - 4 scrolls of fog
 w - 2 scrolls of fear
 D - a scroll of enchant weapon
 F - a scroll of noise {unknown}
 M - 7 scrolls of enchant armour
 P - 2 scrolls of acquirement
Potions
 d - 5 potions of might
 h - 5 potions of curing
 k - 3 potions of lignification
 l - 4 potions of magic
 m - 2 potions of mutation
 s - 3 potions of flight
 t - 4 potions of heal wounds
 u - 3 potions of invisibility
 x - 2 potions of resistance
 A - a potion of haste
 J - 3 potions of ambrosia
 N - a potion of brilliance


   Skills:
 + Level 15.5 Fighting
 - Level 16.0 Maces & Flails
 - Level 10.0 Armour
 - Level 15.0 Shields


You had 12 spell levels left.
You didn't know any spells.
Your spell library contained the following spells:

 Spells                   Type           Power      Damage    Failure   Level
 Beastly Appendage        Tmut           0%         N/A       99%         1
 Pain                     Necr           0%         1d4       99%         1
 Sting                    Tmut/Pois      0%         1d3       99%         1
 Blink                    Tloc           0%         N/A       100%        2
 Sublimation of Blood     Necr           0%         N/A       100%        2
 Wereblood                Tmut           0%         N/A       100%        2
 Lesser Beckoning         Tloc           0%         N/A       100%        3
 Ozocubu's Armour         Ice            0%         N/A       100%        3
 Dispel Undead            Necr           0%         3d6       100%        4
 Fulminant Prism          Conj/Hex       0%         3d6       100%        4
 Hailstorm                Conj/Ice       0%         3d3       100%        4
 Ice Form                 Ice/Tmut       0%         N/A       100%        4
 Iskenderun's Mystic Bla  Conj/Tloc      0%         2d3       100%        4
 Agony                    Necr           0%         N/A       100%        5
 Alistair's Intoxication  Tmut/Pois      0%         N/A       100%        5
 Excruciating Wounds      Necr           0%         N/A       100%        5
 Fireball                 Conj/Fire      0%         3d3       100%        5
 Manifold Assault         Tloc           0%         N/A       100%        5
 Metabolic Englaciation   Hex/Ice        0%         N/A       100%        5
 Yara's Violent Unravell  Hex/Tmut       0%         3d3       100%        5
 Starburst                Conj/Fire      0%         6d3       100%        6
 Statue Form              Tmut/Erth      0%         N/A       100%        6
 Ignition                 Fire           0%         3d3       100%        8
 Necromutation            Tmut/Necr      0%         N/A       100%        8
 Chain Lightning          Conj/Air       0%         N/A       100%        9
 Summon Small Mammal      Summ           Unusable   N/A       N/A         1
 Call Imp                 Summ           Unusable   N/A       N/A         2
 Summon Mana Viper        Hex/Summ       Unusable   N/A       N/A         5
 Simulacrum               Ice/Necr       Unusable   N/A       N/A         6
 Malign Gateway           Summ/Tloc      Unusable   N/A       N/A         7
 Spellforged Servitor     Conj/Summ      Unusable   N/A       N/A         7
 Summon Hydra             Summ           Unusable   N/A       N/A         7

Dungeon Overview and Level Annotations

Branches:
Dungeon (14/15)            Temple (1/1) D:6            Lair (0/6) D:9
    Orc (0/2) D:10          Sewer (visited)          Bailey (visited)
Gauntlet (visited)
 Vaults: D:13-14

Altars:
Ashenzari
Cheibriados
Dithmenos
Elyvilon
Fedhas
Gozag
Hepliaklqana
Kikubaaqudgha
Makhleb
Nemelex Xobeh
Okawaru
Qazlal
Ru
Sif Muna
Trog
Uskayaw
Vehumet
Wu Jian
Xom
Yredelemnul
Zin
The Shining One

Shops:
D:2 *   D:4 =   D:7 =   D:11 (   D:14 =

Annotations:
D:9 2 transporters, KennySheep's ghost, novice DECj
D:14 Louise; Nessos


Innate Abilities, Weirdness & Mutations

You have a pair of horns on your head.
You reflexively headbutt those who attack you in melee.
A frigid envelope surrounds you and freezes all who hurt you.


Message History

The satyr is moderately wounded.
The satyr plays a frightful melody on his pipes!
The satyr radiates an aura of fear!
You are terrified of the satyr!
You puncture the satyr! Your headbutt misses the satyr.
The satyr is heavily wounded.
The satyr shoots an arrow.
The arrow hits you but does no damage.
The satyr plays a lulling melody on his pipes!
You fall asleep.
The satyr shoots an arrow.
The arrow hits you!
You wake up.
The satyr shoots an arrow.
The arrow barely misses you.
You bludgeon the satyr!!
The satyr is severely wounded.
The satyr shoots an arrow.
The arrow hits you!!
You barely miss the satyr. You headbutt the satyr!
You kill the satyr!
Okawaru accepts your kill.
The satyr shoots an arrow.
You block the arrow.
The satyr shoots an arrow.
The arrow hits you!
You are no longer terrified.
A blizzard demon comes into view.
The blizzard demon shouts!
The blizzard demon gestures at you. The bolt of cold hits you!!!
* * * LOW HITPOINT WARNING * * *
The satyr plays a frightful melody on his pipes!
The satyr radiates an aura of fear!
You are terrified of the satyr!
Blink to where?
Press: ? - help, Dir - move target
As you read the scroll of blinking, it crumbles to dust.
You are no longer terrified.
The blizzard demon gestures at you. The freezing blast engulfs you!!
* * * LOW HITPOINT WARNING * * *
You are engulfed in freezing vapours.
* * * LOW HITPOINT WARNING * * *
The large abomination is engulfed in freezing vapours.
You are engulfed in freezing vapours.
You die...

#. #. #.##. . .#..
.# .... . ## #..# #
#### #
.#..######..#
#...#.#....@○#☼#.##
.#.#)...#.#○○○○..#
#
#.....#..###2X...#
.# # #.
#..##...##.°..# # #
#..
....###..###.###
#... #######
##.....# ...## #..
.##.# . . #...
##....##. .. x.*. #
#...#.§.#


You could see a blizzard demon and a large abomination.

Vanquished Creatures
  A lich (Abyss:2)
  A lorocyproca (Abyss:2)
  A minotaur (Gauntlet)
  A quicksilver dragon zombie (Abyss:3)
  3 boulder beetles
  A hydra (D:13)
  A catoblepas (Gauntlet)
  5 centaur warriors
  3 two-headed ogres
  A satyr (Abyss:3)
  A tengu warrior (D:14)
  A fire crab (Gauntlet)
  A skeletal warrior (D:14)
  An orc knight (Bailey)
  A deep elf pyromancer (D:14)
  3 large abominations
  3 ugly things
  4 manticores
  2 cyclopes
  Maurice (D:11)
  3 gargoyles
  A molten gargoyle (Gauntlet)
  A kobold demonologist (Abyss:2)
  A freezing wraith (D:11)
  2 efreet (D:13)
  An unseen horror (shapeshifter) (D:14)
  A tengu conjurer (D:14)
  3 trolls
  A jumping spider (shapeshifter) (D:13)
  A meliai (D:14)
  A hornet (D:9)
  3 slime creatures (D:13)
  12 yaks
  3 wyverns
  2 wraiths
  3 fire bats (Gauntlet)
  A ynoxinul (Abyss:2)
  Sigmund (D:6)
  4 basilisks
  4 chaos spawn
  9 vampire mosquitoes
  2 neqoxecs
  A steam dragon (D:10)
  2 acid dragons
  2 small abominations
  6 water moccasins
  4 ice beasts
  A sky beast (D:6)
  A black bear (D:4)
  9 orc warriors
  A necrophage (D:6)
  7 centaurs
  2 phantoms (D:6)
  Blork the orc (D:6)
  2 kobold brigands (D:11)
  3 bullfrogs
  A gnoll sergeant (D:5)
  2 scorpions
  3 wyvern zombies
  2 water moccasin zombies
  A wyvern skeleton (D:7)
  3 water moccasin skeletons
  12 killer bees
  A howler monkey (D:10)
  11 wights
  A bullfrog zombie (D:5)
  6 centaur zombies
  A starcursed mass (Abyss:2)
  6 hounds
  A gnoll shaman (D:7)
  8 jellies
  7 orc priests
  A scorpion zombie (D:5)
  5 iguanas
  6 orc wizards
  A killer bee zombie (D:8)
  A hound skeleton (D:5)
  A howler monkey zombie (D:9)
  8 gnolls
  4 river rats
  8 adders
  A shadow imp (D:5)
  5 worms
  2 dart slugs
  56 orcs
  5 endoplasms
  7 giant cockroaches
  11 goblins
  7 hobgoblins
  6 jackals
  13 kobolds
  7 quokkas
  18 ball pythons
  3 bats
  11 frilled lizards
  9 rats
400 creatures vanquished.

Vanquished Creatures (others)
  An unseen horror (shapeshifter) (D:14)
  5 fungi (D:9)
  18 plants
  11 starspawn tentacles (Abyss:3)
35 creatures vanquished.

Grand Total: 435 creatures vanquished

Notes
Turn   | Place    | Note
-------+----------+-------------------------------------------
     0 | D:1      | r3xj the Minotaur Fighter began the quest for the Orb.
     0 | D:1      | Reached XP level 1. HP: 19/19 MP: 0/0
    36 | D:1      | Found a faded altar of an unknown god.
   106 | D:1      | Reached XP level 2. HP: 27/27 MP: 1/1
   627 | D:2      | Reached skill level 3 in Maces & Flails
   627 | D:2      | Reached XP level 3. HP: 30/33 MP: 2/2
   762 | D:2      | Found Iles's Assorted Antiques.
   996 | D:2      | Reached XP level 4. HP: 39/41 MP: 3/3
  1977 | D:3      | Reached skill level 4 in Maces & Flails
  2040 | D:3      | Reached XP level 5. HP: 45/47 MP: 4/4
  2197 | D:4      | Noticed a black bear
  2208 | D:4      | Killed a black bear
  2209 | D:4      | Reached skill level 5 in Fighting
  2209 | D:4      | Reached skill level 5 in Armour
  2209 | D:4      | Reached skill level 5 in Shields
  2209 | D:4      | Reached XP level 6. HP: 36/56 MP: 5/5
  2241 | D:4      | Reached skill level 5 in Maces & Flails
  2657 | D:4      | Found a glowing drain.
  2664 | Sewer    | Entered a sewer
  3065 | Sewer    | Found a viscous altar of Jiyva.
  3072 | Sewer    | Reached XP level 7. HP: 35/61 MP: 6/6
  3280 | Sewer    | Reached skill level 6 in Maces & Flails
  3444 | D:4      | Found Nekleal's Jewellery Shoppe.
  3701 | D:5      | Entered Level 5 of the Dungeon
  4673 | D:2      | Bought a shimmering garnet amulet for 155 gold pieces
  4673 | D:2      | Identified the amulet "Soff" {Faith rC- Regen+ rCorr Str+4}
                  | (You bought it in a shop on level 2 of the Dungeon)
  4673 | D:2      | Bought a translucent steel ring for 155 gold pieces
  4673 | D:2      | Identified the ring "Cobroraxt" {rPois rC+ Str-3 Slay+4}
                  | (You bought it in a shop on level 2 of the Dungeon)
  4785 | D:5      | Reached skill level 7 in Maces & Flails
  4815 | D:5      | Reached XP level 8. HP: 28/70 MP: 7/7
  5277 | D:6      | Reached skill level 8 in Maces & Flails
  5283 | D:6      | Noticed a gargoyle
  5319 | D:6      | Noticed Sigmund
  5413 | D:6      | Killed Sigmund
  5467 | D:6      | Killed a gargoyle
  5468 | D:6      | Reached skill level 9 in Maces & Flails
  5468 | D:6      | Reached XP level 9. HP: 44/79 MP: 8/8
  5506 | D:6      | Found a staircase to the Ecumenical Temple.
  5582 | D:6      | Noticed Blork the orc
  5588 | D:6      | Killed Blork the orc
  5862 | D:7      | Reached skill level 10 in Maces & Flails
  6223 | D:7      | Found Deag's Jewellery Emporium.
  6335 | D:7      | Found an opulent altar of Gozag.
  6527 | D:7      | Reached skill level 11 in Maces & Flails
  6630 | D:8      | Reached XP level 10. HP: 71/90 MP: 9/9
  7363 | D:9      | Reached skill level 12 in Maces & Flails
  7393 | D:9      | Found a staircase to the Lair.
  7500 | D:9      | Noticed a boulder beetle
  7502 | D:9      | Noticed a two-headed ogre
  7639 | Temple   | Entered the Ecumenical Temple
  7881 | Temple   | Became a worshipper of Warmaster Okawaru
  7988 | D:9      | Noticed a moth of wrath
  7989 | D:9      | Noticed KennySheep's ghost (novice DECj)
  7989 | D:9      | Noticed a deep troll
  7991 | D:9      | Noticed a two-headed ogre
  7992 | D:9      | Found a bloodstained altar of Trog.
  8002 | D:9      | Found a transporter.
  8008 | D:9      | Found a transporter.
  8356 | D:9      | Killed a two-headed ogre
  8356 | D:9      | Reached * piety under Okawaru
  8357 | D:9      | Reached XP level 11. HP: 51/99 MP: 10/10
  8550 | D:9      | Killed a boulder beetle
  8550 | D:9      | Reached ** piety under Okawaru
  8551 | D:9      | Reached skill level 10 in Fighting
  8551 | D:9      | Reached skill level 13 in Maces & Flails
  8551 | D:9      | Reached skill level 10 in Armour
  8551 | D:9      | Reached skill level 10 in Shields
  8728 | D:10     | Entered Level 10 of the Dungeon
  8755 | D:10     | Found a flagged portal.
  8810 | Bailey   | Entered a bailey
  9441 | Bailey   | Noticed an orc knight
  9572 | Bailey   | Killed an orc knight
  9576 | Bailey   | HP: 3/101 [orc warrior (12)]
  9725 | Bailey   | Found the +9 staff of Olgreb {rPois∞}
  9726 | Bailey   | Got the Guide on Summoning and Changing
  9877 | D:10     | Found a staircase to the Orcish Mines.
  9922 | D:10     | Noticed a centaur warrior
  9928 | D:10     | Killed a centaur warrior
  9928 | D:10     | Reached *** piety under Okawaru
  9997 | D:10     | Noticed a two-headed ogre
 10003 | D:10     | Killed a two-headed ogre
 10291 | D:10     | Reached skill level 14 in Maces & Flails
 10637 | D:11     | Reached **** piety under Okawaru
 10675 | D:11     | Got the Almanac of Harmful Displacement
 11047 | D:11     | Found Jobol's Weapon Shoppe.
 11178 | D:11     | Noticed Maurice
 11195 | D:11     | Killed Maurice
 11556 | D:12     | Noticed a purple ugly thing
 11616 | D:12     | Reached ***** piety under Okawaru
 11642 | D:12     | Identified 3 scrolls of acquirement
 11642 | D:12     | Acquired the +2 pair of gloves of the Hills {Rampage rN+}
 11694 | D:12     | Reached skill level 15 in Maces & Flails
 11725 | D:12     | Found a gate leading to a gauntlet.
 11732 | Gauntlet | Entered a Gauntlet
 11732 | Gauntlet | Noticed a fire crab
 11732 | Gauntlet | Found a transporter.
 11738 | Gauntlet | Found a runed translucent door.
 11742 | Gauntlet | Found a transporter.
 11753 | Gauntlet | Found a transporter.
 11756 | Gauntlet | Found a transporter.
 11759 | Gauntlet | Noticed a wizard
 11760 | Gauntlet | Noticed a wizard
 11770 | Gauntlet | Found a transporter.
 11781 | Gauntlet | Found a transporter.
 11792 | Gauntlet | Found a transporter.
 11804 | Gauntlet | Noticed a death yak
 11805 | Gauntlet | Found a transporter.
 11806 | Gauntlet | Noticed a death yak
 11807 | Gauntlet | Noticed a death yak
 11810 | Gauntlet | Found a transporter.
 11810 | Gauntlet | Found a transporter.
 11838 | Gauntlet | Found a transporter.
 11838 | Gauntlet | Found a transporter.
 11883 | Gauntlet | Noticed a catoblepas
 11890 | Gauntlet | Found a transporter.
 11903 | Gauntlet | Found a transporter.
 11992 | Gauntlet | Killed a fire crab
 11992 | Gauntlet | Received a gift from Okawaru
 11993 | Gauntlet | Reached XP level 12. HP: 85/110 MP: 11/11
 12036 | Gauntlet | Gained mutation: A frigid envelope surrounds you and
                  | freezes all who hurt you. [a neqoxec]
 12081 | Gauntlet | Killed a catoblepas
 12108 | Gauntlet | Identified the -5 pair of gloves of the Desert {rF+ rC+ rN+
                  | Stlth-}
 12120 | Gauntlet | Noticed a minotaur
 12137 | Gauntlet | Killed a minotaur
 12243 | Gauntlet | Got Figuefue's Volume of Moulding
 12248 | Gauntlet | Identified the +2 pair of boots "Sises" {rElec rN+}
 12249 | Gauntlet | Got the Papyrus of the Ghastly Entourage
 12372 | D:12     | Received a gift from Okawaru
 12444 | D:12     | Reached skill level 16 in Maces & Flails
 12802 | D:13     | Noticed a boulder beetle
 12816 | D:13     | Killed a boulder beetle
 12945 | D:13     | Noticed a boulder beetle
 12948 | D:13     | Noticed a centaur warrior
 12972 | D:13     | Killed a boulder beetle
 12978 | D:13     | Killed a centaur warrior
 13066 | D:13     | Received a gift from Okawaru
 13215 | D:13     | Noticed a seven-headed hydra
 13221 | D:13     | Killed a seven-headed hydra
 13792 | D:14     | Noticed Nessos
 13905 | D:14     | Noticed Louise
 13905 | D:14     | Noticed a tengu warrior
 13961 | D:14     | Found Povvyxto's Jewellery Emporium.
 13986 | D:14     | Noticed a centaur warrior
 14003 | D:14     | Killed a centaur warrior
 14054 | D:14     | Noticed a centaur warrior
 14069 | D:14     | Killed a centaur warrior
 14074 | D:14     | Reached XP level 13. HP: 98/123 MP: 12/12
 14465 | D:14     | Identified the +3 chain mail of Privacy {+Inv rF+ rC+}
                  | (Okawaru gifted it to you on level 14 of the Dungeon)
 14465 | D:14     | Received a gift from Okawaru
 14471 | D:14     | Cast into level 2 of the Abyss (Louise)
 14563 | Abyss:2  | Identified the +8 chain mail of Balaa {Dex+4}
 14570 | Abyss:2  | Noticed a starcursed mass
 14625 | Abyss:2  | Noticed a lorocyproca
 14634 | Abyss:2  | Killed a lorocyproca
 14690 | Abyss:2  | Noticed a lich
 14698 | Abyss:2  | Killed a lich
 14754 | Abyss:2  | Reached skill level 15 in Fighting
 14763 | Abyss:2  | Reached skill level 15 in Shields
 14812 | Abyss:3  | Noticed a tentacled starspawn
 14818 | Abyss:3  | Reached ****** piety under Okawaru
 14864 | Abyss:3  | Noticed a merfolk javelineer
 14864 | Abyss:3  | Noticed a starcursed mass
 14888 | Abyss:3  | Noticed a blizzard demon
 14895 | Abyss:3  | HP: 6/127 [blizzard demon/freezing blast (18)]
 14896 | Abyss:3  | HP: 1/127 [blizzard demon] (5)]
 14897 | Abyss:3  | Engulfed by a blizzard demon's freezing vapour

Illustrated notes

Levels and vault maps discovered:
D:1:      minmay_arrival_arboretum_small, layout_rooms,
          nicolae_ecumenical_snake_handling
D:2:      layout_loops_cross, serial_shops, shop, minmay_fractal_squares_5
D:3:      layout_loops_ring
D:4:      layout_loops_ring, serial_shops, shop_coins, portal_sewer_entry_e,
          minmay_manual_macuahuitl
D:5:      layout_cave_pools, hex_medium
D:6:      layout_rooms, minmay_temple_entry_ruins, eino_tiny_chamber,
          uniq_blork_the_orc, uniq_sigmund
D:7:      layout_basic, lemuel_crystal_altar, serial_shops,
          nicolae_shop_hallway_plus
D:8:      layout_gridville, grunt_ministairs_2
D:9:      layout_basic, minmay_lair_entry_grove,
          gammafunk_ghost_wrathful_warriors, minmay_chambers_of_fives
D:10:     layout_stronghold, orc_0_dummy, enter_bailey_3
D:11:     layout_basic, serial_shops, kennysheep_mini_moat, uniq_maurice
D:12:     layout_roguey, gauntlet_entry_generic
D:13:     layout_loops_ring, lemuel_old_faithful
D:14:     nzn_winding_woodlands_three_and_one
          [nzn_winding_woodlands_5x15_crooked,
          nzn_winding_woodlands_5x15_zeroes,
          nzn_winding_woodlands_5x15_pathside_ponds,
          nzn_winding_woodlands_center_garden], layout_stronghold,
          grunt_vaults_entry_fortified, serial_shops, shop,
          minmay_misc_feat_tower, uniq_nessos, uniq_louise
Temple:   nicolae_temple_the_god_donut
Abyss:3:  base: D:8, evilmike_nicolae_abyss_rune_betentacled_crabyss,
          evilmike_abyss_exit_7, nicolae_abyss_rune_left_handed

Skill      XL: |  1  2  3  4  5  6  7  8  9 10 11 12 13 |
---------------+----------------------------------------+-----
Fighting       | 4 5 6 7 8 9 11 13 15 | 15.5
Shields        | 4 5 6 7 8 9 11 13 15 | 15.0
Armour         | 4 5 6 7 8 9 10 | 10.0
Maces & Flails | 3 4 5 7 9 11 12 15 16 | 16.0

Action                   |  1- 3 |  4- 6 |  7- 9 | 10-12 | 13-15 || total
-------------------------+-------+-------+-------+-------+-------++-------
Melee: Flail             |    88 |    13 |       |       |       ||   101
       Headbutt          |    13 |    24 |    45 |   116 |    38 ||   236
       Morningstar       |       |   152 |   253 |   524 |   127 ||  1056
Throw: Dart              |       |       |       |    28 |       ||    28
Invok: Heroism           |       |       |       |     5 |     2 ||     7
  Use: Potion            |       |       |     1 |     1 |       ||     2
       Scroll            |       |       |       |    21 |     6 ||    27
 Stab: Paralysed         |       |       |       |     1 |       ||     1
Armor: Scale mail        |    53 |    99 |   107 |    95 |       ||   354
       Plate armour      |       |       |       |   135 |    45 ||   180
Dodge: Dodged            |    49 |    67 |    81 |   204 |    20 ||   421
Block: Buckler           |    12 |       |       |       |       ||    12
       Kite shield       |    23 |    94 |   153 |   334 |    54 ||   658

Table legend: (Time is in decaauts)
 A = Elapsed time spent in this place.
 B = Non-inter-level travel time spent in this place.
 C = Inter-level travel time spent in this place.
 D = Time resting spent in this place.
 E = Time spent auto-exploring this place.
 F = Levels seen in this place.
 G = Mean time per level.
                   A        B        C        D        E       F      G
               +--------+--------+--------+--------+--------+-----+--------+
         Total |  15034 |  13792 |   1242 |   1429 |   8326 |  20 |  751.7 |
       Dungeon |  12093 |  10865 |   1228 |   1111 |   7098 |  14 |  863.8 |
        Temple |    246 |    232 |     14 |      0 |    214 |   1 |  246.0 |
         Abyss |    401 |    401 |      0 |      2 |      0 |   2 |  200.5 |
         Sewer |    746 |    746 |      0 |      0 |    558 |   1 |  746.0 |
        Bailey |   1014 |   1014 |      0 |    228 |    193 |   1 | 1014.0 |
      Gauntlet |    531 |    531 |      0 |     88 |    262 |   1 |  531.0 |
               +--------+--------+--------+--------+--------+-----+--------+

Top non-repeatable levels by time:
     D:4: 1449 daAuts
    D:13: 1330 daAuts
     D:9: 1118 daAuts
  Bailey: 1014 daAuts
    D:11: 1011 daAuts
     D:5: 980 daAuts
     D:2: 949 daAuts
    D:10: 845 daAuts
     D:7: 824 daAuts
     D:3: 768 daAuts
   Sewer: 746 daAuts
     D:8: 657 daAuts
     D:6: 614 daAuts
     D:1: 589 daAuts
    D:12: 569 daAuts
